 Dungeon Crawl Stone Soup version 0.30.1-3-gfc49f6343a (webtiles) character file.

Game seed: 1370619758894530303

46 Wiggles the Chopper (level 3, -1/33 HPs)
             Began as a Minotaur Berserker on July 20, 2023.
             Was a Believer of Trog.
             Slain by a worm (6 damage)
             ... on level 2 of the Dungeon.
             The game lasted 00:02:02 (1009 turns).

Wiggles the Chopper (Minotaur Berserker)            Turns: 1009, Time: 00:02:02

Health: -1/33      AC:  5    Str: 23    XL:     3   Next: 46%
Magic:  2/2        EV: 11    Int:  4    God:    Trog [**....]
Gold:   100        SH:  0    Dex:  9    Spells: 2/2 levels left

rFire   . . .        a - +0 hand axe
rCold   . . .        (no shield)
rNeg    . . .        i - +0 ring mail
rPois   .            (helmet restricted)
rElec   .            (no cloak)
rCorr   .            (no gloves)
SInv    .            (no boots)
Will    .....        (no amulet) Stlth
                     (no ring)
HPRegen 0.25/turn    (no ring)
MPRegen 0.08/turn

%: no passive effects
@: no status effects
A: horns 2, retaliatory headbutt
a: Renounce Religion, Berserk, Trog's Hand


You were on level 2 of the Dungeon.
You worshipped Trog.
Trog was pleased with you.
You visited 1 branch of the dungeon, and saw 2 of its levels.

You collected 100 gold pieces.

Inventory:

Hand Weapons
 a - a +0 hand axe (weapon)
Missiles
 e - 4 javelins (quivered)
Armour
 i - a +0 ring mail (worn)
Jewellery
 g - the amulet of Elemental Vulnerability {rPois rF-- rC-- AC+8}
   (You found it on level 2 of the Dungeon)

   [amulet of nothing]

   AC:        It affects your AC (+8).
   rF:        It makes you very vulnerable to fire.
   rC:        It makes you very vulnerable to cold.
   rPois:     It protects you from poison.
Wands
 k - a wand of light (8)
Scrolls
 b - 3 scrolls of enchant armour {unknown}
 d - a scroll of blinking {unknown}
 j - a scroll of amnesia {unknown}
Potions
 c - a potion of attraction {unknown}
 f - a potion of resistance {unknown}
 h - 2 potions of flight {unknown}


   Skills:
 + Level 4.2 Fighting
 + Level 4.6 Axes
 + Level 2.7 Armour
 + Level 2.4 Dodging


You had 2 spell levels left.
You didn't know any spells.
Your spell library was empty.

Dungeon Overview and Level Annotations

Branches:
Dungeon (2/15)

Altars:


Innate Abilities, Weirdness & Mutations

You have a pair of horns on your head.
You reflexively headbutt those who attack you in melee.


Message History

You are too injured to fight recklessly!
You are too injured to fight recklessly!
You are too injured to fight recklessly!
The jackal bites you. The kobold misses you.
The jackal bites you but does no damage.
You hit the kobold but do no damage.
The kobold is moderately wounded.
You hit the jackal. The jackal closely misses you.
The kobold closely misses you. You furiously retaliate!
You headbutt the kobold!
You kill the kobold!
Trog accepts your kill.
The jackal bites you but does no damage.
Things that are here:
a +0 short sword; a jackal corpse The jackal bites you.
The jackal bites you but does no damage.
A worm comes into view.
The jackal barely misses you. You furiously retaliate!
You headbutt the jackal!
You kill the jackal!
Trog accepts your kill.
Things that are here:
a jackal corpse; a jackal corpse
Things that are here:
a +0 short sword; a jackal corpse The worm bites you.
You completely miss the worm. The worm bites you!
You barely miss the worm. Your headbutt misses the worm. The worm bites you!
* * * LOW HITPOINT WARNING * * *
You barely miss the worm. You hit the worm.
The worm is moderately wounded.
The worm bites you.
* * * LOW HITPOINT WARNING * * *
You hit the worm.
The worm is moderately wounded.
You hit the worm.
The worm is heavily wounded.
The worm bites you.
You die...

....##.#####....#####
.####..# #.##...<.# ##
#..## #.##.....# # #.##
#.##.....# ##.#
#.##†)...# #..#
#.##.....# #.##
#.##.....# #.#
##.###.###### ##.#
##.....@w....# ##..#
##.............#
...######...............
###.....................
##..#####...............
#....†..|...............
..#.....................
[##......#.............#
###......##.......


You could see a worm.

Vanquished Creatures
  2 endoplasms (D:1)
  A giant cockroach (D:1)
  4 goblins
  A hobgoblin (D:2)
  4 jackals (D:2)
  2 quokkas
  6 ball pythons
  9 bats
  6 frilled lizards
  4 kobolds
  4 rats
43 creatures vanquished.

Notes
Turn   | Place    | Note
-------+----------+-------------------------------------------
     0 | D:1      | Wiggles the Minotaur Berserker began the quest for the Orb.
     0 | D:1      | Reached XP level 1. HP: 19/19 MP: 0/0
   164 | D:1      | Reached XP level 2. HP: 27/27 MP: 1/1
   404 | D:1      | Noticed a golden eye
   408 | D:1      | Found a faded altar of an unknown god.
   411 | D:1      | Noticed a shining eye
   411 | D:1      | Noticed a golden eye
   411 | D:1      | Noticed a golden eye
   613 | D:2      | Reached XP level 3. HP: 31/33 MP: 2/2
   654 | D:2      | Found the amulet of Elemental Vulnerability {rPois rF--
                  | rC-- AC+8}
   799 | D:2      | Reached ** piety under Trog
  1009 | D:2      | Slain by a worm

Illustrated notes

Levels and vault maps discovered:
D:1:      tekkud_arrival_beachfront_property, layout_basic,
          hellmonk_ecumenical_altar_watching_god
D:2:      layout_rooms

Skill      XL: |  1  2 |
---------------+-------+-----
Axes           | 4 |  4.6
Fighting       | 4 |  4.2
Armour         | |  2.7
Dodging        | |  2.4

Action                     || total
---------------------------++-------
  Melee: Hand axe          ||    90
         Headbutt          ||     6
 Armour: Animal skin       ||    22
         Ring mail         ||    24
  Dodge: Dodged            ||    60
